[Event "2nd Turkish League 2017"]
[Site "Konya"]
[Date "2017.07.19"]
[Round "4"]
[White "Caglar, Sadullah B."]
[Black "Yasin, Hur"]
[Result "0-1"]
[ECO "E49"]
[WhiteElo "1835"]
[BlackElo "2022"]
[Annotator "NA"]
[PlyCount "90"]
[EventType "team-tourn"]
[EventCountry "TUR"]
[SourceTitle "playchess.com"]
[Source "ChessBase"]
[SourceQuality "1"]
[TimeControl "5400+30"]

1. d4 Nf6 2. c4 e6 3. Nc3 Bb4 4. a3 Bxc3+ 5. bxc3 d5 6. cxd5 exd5 ({Of course not} 6... Nxd5 7. Qc2 $16) 7. e3 O-O 8. Bd3 c5 9. Ne2 b6 10. O-O Ba6 11. Bxa6 Nxa6 12. Qd3 c4 {[%emt 0:02:00] LiveBook: 3 Games E49: Nimzo-Indian: Rubinstein: 5 Bd3 d5 6 a3 Bxc3+ 7 bxc3} (12... Nc7 13. f3 Re8 14. Ng3 Ne6 15. Bb2 Qd7 16. Rad1 Rad8 17. Rfe1 h5 18. e4 dxe4 19. fxe4 h4 20. Nf5 cxd4 21. cxd4 Nc5 {½-½ (35) Vedmediuc,S (2433)-Soltanici,R (2400) Kishinev 2016}) 13. Qc2 b5 14. Ng3 Re8 15. f3 Nc7 $146 ({Predecessor:} 15... h5 16. Bd2 h4 17. Nh1 Qe7 18. Nf2 Nc7 19. Rfe1 a5 20. e4 {0-1 (37) Selnes,H (1921)-Cheng,B (2103) Gold Coast 2009}) 16. e4 a5 17. e5 Nd7 18. f4 f6 19. Rf3 g6 20. f5 fxe5 21. fxg6 e4 22. gxh7+ Kh8 23. Rf7 Rf8 24. Qf2 Qe8 25. Rxf8+ Qxf8 26. Qe2 Qf7 $18 27. Be3 Qg6 28. Nh5 Ne6 29. Rb1 Rb8 30. Nf4 Nxf4 31. Bxf4 Rb7 32. Qd2 Kxh7 33. h3 Nf6 34. a4 b4 35. cxb4 e3 36. Qe1 e2 37. b5 Nh5 38. Be5 Rf7 39. g4 Rf1+ 40. Qxf1 exf1=Q+ 41. Rxf1 c3 42. Rf8 Qb1+ 43. Kg2 Qc2+ 44. Kg1 Qd1+ 45. Rf1 c2 0-1

[Event "2nd Turkish League 2017"]
[Site "Konya"]
[Date "2017.07.19"]
[Round "4"]
[White "Kutlu, Sedat"]
[Black "Erkole, Melih Naci"]
[Result "1/2-1/2"]
[ECO "C00"]
[WhiteElo "1824"]
[BlackElo "1619"]
[Annotator "NA"]
[PlyCount "155"]
[EventType "team-tourn"]
[EventCountry "TUR"]
[SourceTitle "playchess.com"]
[Source "ChessBase"]
[SourceQuality "1"]
[TimeControl "5400+30"]

1. e4 {[%emt 0:00:30] 5} c5 {[%emt 0:01:00] 5} 2. f4 {[%emt 0:00:30] 5} e6 3. Nf3 Nc6 4. Be2 d5 5. e5 h5 6. Nc3 Nh6 7. O-O Nf5 8. b3 h4 9. Bd3 Nce7 10. Ba3 Qa5 $11 11. Qc1 Bd7 12. Rb1 b5 13. Bxc5 b4 14. Bxe7 {[%emt 0:00:30] 4} Qb6+ 15. Rf2 {[%emt 0:00:00] ]} Bxe7 16. Bxf5 {[%emt 0:00:00] 8} bxc3 17. Bh3 {[%emt 0:03:30] 2} cxd2 18. Qxd2 {[%emt 0:00:30] ]} Bc5 19. Rbf1 {[%emt 0:00:30] 7} Bb5 20. Kh1 {[%emt 0:00:30] 4} Bxf1 21. Rxf1 {[%emt 0:00:00] 5} Be3 22. Qe1 {[%emt 0:03:00] 1} Rc8 23. f5 {[%emt 0:02:30] ]} Rxc2 24. fxe6 {[%emt 0:00:30] 0} fxe6 25. Qb1 {[%emt 0:01:30] 2} Qc5 26. Ne1 {[%emt 0:01:30] 2} Rf2 27. Qg6+ {[%emt 0:00:30] 4} Kf8 28. Rxf2+ {[%emt 0:00:30] ]} Bxf2 29. Bxe6 {[%emt 0:00:30] 5} Qe7 30. Nd3 {[%emt 0:00:30] 4} Bb6 31. Nf4 {[%emt 0:07:30] ]} Qc7 32. Qf5+ {[%emt 0:08:30] 0} Ke8 33. Nd3 {[%emt 0:04:30] 0} Rf8 34. Qg6+ {[%emt 0:01:30] 5} Kd8 35. Bf5 Bd4 36. Qe6 Rxf5 37. Qxf5 Qc2 38. Qf8+ Kd7 39. Qxg7+ Ke8 40. Qh8+ Kd7 41. e6+ Kxe6 42. Qxd4 Qd1+ 43. Qg1 Qxd3 44. Qxa7 Qb1+ 45. Qg1 Qxa2 46. b4 Qc4 47. Qe1+ Kd6 48. Kg1 d4 49. Qxh4 Qc1+ 50. Kf2 Qd2+ 51. Kf1 Qxb4 52. Qf6+ Kd5 53. Qf7+ Ke5 54. Qf2 Kd5 55. Qa2+ Ke5 56. Qe2+ Kd6 57. Kf2 Qc3 58. Qe1 Qd3 59. Qe2 Qc3 60. Qa6+ Ke5 61. Qb5+ Ke4 62. Qe8+ Kd5 63. Qf7+ Kc5 64. Qc7+ Kb4 65. Qb6+ Ka3 66. Qa6+ Kb2 67. Qb6+ Kc1 68. Qh6+ Kc2 69. h4 d3 70. Qa6 d2 71. Qa4+ Kc1 72. Qf4 Kb2 73. Ke2 Kc1 74. h5 Kc2 75. Qf5+ Kc1 76. Qf4 Kc2 77. Qf5+ Kc1 78. Qf4 1/2-1/2

[Event "2nd Turkish League 2017"]
[Site "Konya"]
[Date "2017.07.19"]
[Round "4"]
[White "Simsek, Meltem"]
[Black "Bayrak, Asli"]
[Result "0-1"]
[ECO "A08"]
[WhiteElo "1752"]
[BlackElo "2056"]
[Annotator "NA"]
[PlyCount "94"]
[EventType "team-tourn"]
[EventCountry "TUR"]
[SourceTitle "playchess.com"]
[Source "ChessBase"]
[SourceQuality "1"]
[TimeControl "5400+30"]

1. Nf3 d5 2. g3 Nf6 3. Bg2 e6 4. O-O c5 5. d3 Nc6 6. Nbd2 Be7 7. e4 dxe4 8. dxe4 e5 9. c3 {[%emt 0:01:30] LiveBook: 8 Games} O-O 10. a4 Qc7 11. Qe2 Na5 $11 12. b3 Be6 13. Rb1 Rfd8 14. h3 h6 15. Ba3 Nc6 16. Rfd1 b6 17. Kh2 Nh7 18. Ne1 Bg5 19. Nef3 Be7 20. Ne1 Rd7 21. Nc2 Bg5 22. Ne3 Bxe3 23. Qxe3 Rad8 24. Bf1 Na5 25. Be2 c4 26. b4 Nb3 27. Nxb3 Rxd1 28. Rxd1 Rxd1 29. Bxd1 cxb3 30. Qd2 Ng5 31. Qd3 Nxh3 32. Kg2 Ng5 33. b5 Bc4 34. Qb1 Qd7 35. g4 Qd2 36. Bxb3 Bxb3 37. Qxb3 Nxe4 38. Qb2 Qf4 39. c4 Qxg4+ 40. Kf1 Qd1+ 41. Kg2 Qg4+ 42. Kf1 Qf4 43. Bb4 h5 44. Be1 h4 45. Kg2 Ng5 46. Qe2 h3+ 47. Kh1 Nf3 0-1

[Event "2nd Turkish League 2017"]
[Site "Konya"]
[Date "2017.07.19"]
[Round "4"]
[White "Keskin, Suara"]
[Black "Turkkan, Ece"]
[Result "1-0"]
[ECO "A07"]
[WhiteElo "1716"]
[BlackElo "1532"]
[Annotator "NA"]
[PlyCount "69"]
[EventType "team-tourn"]
[EventCountry "TUR"]
[SourceTitle "playchess.com"]
[Source "ChessBase"]
[SourceQuality "1"]
[TimeControl "5400+30"]

1. Nf3 Nf6 2. g3 d5 3. Bg2 c6 4. d3 e6 5. O-O Be7 6. Nbd2 Nbd7 7. e4 Qc7 8. c3 O-O 9. Qc2 b6 10. h3 Bb7 11. Re1 c5 12. e5 Ne8 13. Nf1 Rc8 14. N1h2 Qd8 15. Qa4 Nc7 16. Bf4 d4 17. cxd4 cxd4 18. Qxd4 Bc5 19. Qa4 Nd5 20. Bg5 Be7 21. Qg4 Kh8 22. h4 Nc5 23. d4 Nd3 24. Re2 Ba6 25. Bxe7 Qxe7 26. Rd2 Rc7 27. a3 Nc1 28. Rd1 Nd3 29. Rab1 Rfc8 30. Bf1 Nxf2 31. Kxf2 Rc2+ 32. Rd2 Rxd2+ 33. Nxd2 Rc2 34. Qd1 Qc7 35. Bxa6 1-0

[Event "2nd Turkish League 2017"]
[Site "Konya"]
[Date "2017.07.19"]
[Round "4"]
[White "Ozkurt, Kutay"]
[Black "Yakar, Ozan Tuna"]
[Result "0-1"]
[ECO "A03"]
[WhiteElo "1712"]
[BlackElo "1718"]
[Annotator "NA"]
[PlyCount "60"]
[EventType "team-tourn"]
[EventCountry "TUR"]
[SourceTitle "playchess.com"]
[Source "ChessBase"]
[SourceQuality "1"]
[TimeControl "5400+30"]

1. f4 Nf6 2. g3 c5 3. Bg2 Nc6 4. Nf3 g6 5. O-O Bg7 6. d3 d5 7. Qe1 O-O 8. Bd2 Re8 9. Na3 e5 10. fxe5 Nxe5 11. Nxe5 Rxe5 12. Bf4 Re6 13. Nb5 Nh5 14. Bxd5 Nxf4 15. Rxf4 Qxd5 16. Nc7 Bd4+ 17. Rf2 Qc6 18. Nxa8 b6 19. h3 Bb7 20. Kh2 Bxf2 21. Qxf2 Rf6 22. Qg1 Bxa8 23. e4 Qd6 24. Re1 Re6 25. Qf2 Kg7 26. Qe3 Qe5 27. Qf4 Qxb2 28. Re2 Qe5 29. Qh4 Qf6 30. Qg4 h5 0-1

[Event "2nd Turkish League 2017"]
[Site "Konya"]
[Date "2017.07.19"]
[Round "4"]
[White "Kuru, Ferhat"]
[Black "Suzan, Ufuk"]
[Result "0-1"]
[ECO "C22"]
[WhiteElo "1681"]
[BlackElo "1813"]
[Annotator "NA"]
[PlyCount "60"]
[EventType "team-tourn"]
[EventCountry "TUR"]
[SourceTitle "playchess.com"]
[Source "ChessBase"]
[SourceQuality "1"]
[TimeControl "5400+30"]

1. e4 e5 2. d4 exd4 3. Qxd4 Nc6 4. Qe3 Nf6 5. Nc3 Bb4 6. Bd2 O-O 7. O-O-O d6 8. f3 Re8 9. Bc4 Na5 $11 {[%emt 0:01:30] LiveBook: 6 Games} (9... Ne5 $15 10. Bb3 Bd7) 10. Be2 Be6 11. a3 Bc5 12. Qg5 Nc4 13. Bxc4 Bxc4 14. g4 b5 15. b4 Bb6 16. Nce2 a5 17. Bc3 axb4 18. axb4 h6 19. Qf4 Qb8 20. Bxf6 gxf6 21. Qxh6 Qa7 22. Kd2 Qa3 23. Qxf6 Re5 24. Rb1 Qe3+ 25. Kd1 Qf2 26. Nf4 Qf1+ 27. Kd2 Qxb1 28. Nge2 Qxb4+ 29. c3 Ra2+ 30. Kd1 Qb3+ 0-1

[Event "2nd Turkish League 2017"]
[Site "Konya"]
[Date "2017.07.19"]
[Round "4"]
[White "Ilkbahar, Nimet Seray"]
[Black "Ozsoy, Damla"]
[Result "1/2-1/2"]
[ECO "B22"]
[WhiteElo "1618"]
[BlackElo "1490"]
[Annotator "NA"]
[PlyCount "91"]
[EventType "team-tourn"]
[EventCountry "TUR"]
[SourceTitle "playchess.com"]
[Source "ChessBase"]
[SourceQuality "1"]
[TimeControl "5400+30"]

1. e4 c5 2. c3 d5 3. exd5 Qxd5 4. d4 cxd4 5. cxd4 Nc6 6. Nf3 e5 7. dxe5 Qxd1+ 8. Kxd1 Bg4 9. Bf4 O-O-O+ 10. Nbd2 Bb4 11. Be2 Bxf3 12. Bxf3 Bxd2 13. Bxd2 Nxe5 14. Rc1+ Kb8 15. Ke2 Nxf3 16. Bf4+ Ka8 17. Kxf3 Ne7 18. Rhd1 Nc6 19. Ke2 Rhe8+ 20. Kf1 a6 21. Bc7 Rxd1+ 22. Rxd1 Re7 23. Bb6 f5 24. a3 Kb8 25. Re1 Kc8 26. Rxe7 Nxe7 27. Ke2 Kd7 28. Bd4 g6 29. Kf3 Nd5 30. g4 fxg4+ 31. Kxg4 Ke6 32. Kg5 Ne7 33. Bc3 Nf5 34. h4 Kf7 35. h5 h6+ 36. Kg4 Nd6 37. Be5 Ne4 38. hxg6+ Kxg6 39. Kf3 Kf5 40. Bd4 h5 41. Kg2 Nf6 42. Kh3 Ng4 43. Kh4 Kg6 44. Bc5 Nh6 45. Bb4 Nf5+ 46. Kh3 1/2-1/2

[Event "2nd Turkish League 2017"]
[Site "Konya"]
[Date "2017.07.19"]
[Round "4"]
[White "Koc, Aylin"]
[Black "Catal, Uktenur"]
[Result "0-1"]
[ECO "B28"]
[WhiteElo "1550"]
[BlackElo "1613"]
[Annotator "NA"]
[PlyCount "128"]
[EventType "team-tourn"]
[EventCountry "TUR"]
[SourceTitle "playchess.com"]
[Source "ChessBase"]
[SourceQuality "1"]
[TimeControl "5400+30"]

1. e4 c5 2. Nf3 a6 3. a4 Qc7 4. d4 cxd4 5. Nxd4 Nf6 6. Nc3 e6 7. Qf3 Nc6 8. Nxc6 bxc6 9. Bc4 d5 10. exd5 cxd5 11. Bb3 Bb7 12. Bf4 Bd6 13. Bxd6 Qxd6 14. O-O O-O 15. Rfe1 Rfe8 16. Rad1 Rad8 17. a5 Qb4 18. Ba4 Rf8 19. Ra1 Qxa5 20. Bc6 Qc7 21. Bxb7 Qxb7 22. Qd3 Rd6 23. Ra2 Ra8 24. Rea1 e5 25. Na4 Rc6 26. Nc3 e4 27. Qd4 Rc4 28. Qe5 Re8 29. Qd6 Rc6 30. Qf4 d4 31. Nd1 Nd5 32. Qd2 Nb4 33. Qxd4 Nxc2 34. Qa4 Nxa1 35. Rxa1 Qb5 36. Qd4 h6 37. Ne3 Rec8 38. g3 Qd3 39. Qe5 Re6 40. Qf4 Qd6 41. Qh4 Qe5 42. Qg4 Qg5 43. Qe2 Rcc6 44. h4 Qb5 45. Qg4 Qxb2 46. Ra4 Qf6 47. Rxe4 Rxe4 48. Qxe4 Rc1+ 49. Kg2 Qe6 50. Qa8+ Rc8 51. Qf3 a5 52. Nf5 Re8 53. Ne3 Qe4 54. Qxe4 Rxe4 55. Kf3 Rd4 56. Ke2 Kf8 57. Nc2 Rd6 58. Ke3 a4 59. Na3 Ke7 60. Ke4 Rb6 61. Kd4 Rb4+ 62. Kc5 Rb3 63. Nc4 a3 64. Nd2 Rb2 0-1

[Event "2nd Turkish League 2017"]
[Site "Konya"]
[Date "2017.07.19"]
[Round "4"]
[White "Hafizoglu, Bengi"]
[Black "Vanlioglu, Ece"]
[Result "1-0"]
[ECO "D37"]
[WhiteElo "1415"]
[BlackElo "1134"]
[Annotator "NA"]
[PlyCount "71"]
[EventType "team-tourn"]
[EventCountry "TUR"]
[SourceTitle "playchess.com"]
[Source "ChessBase"]
[SourceQuality "1"]
[TimeControl "5400+30"]

1. d4 d5 2. Nf3 e6 3. c4 Nf6 4. Nc3 Be7 5. Bf4 O-O 6. e3 Nbd7 7. c5 c6 8. Bd3 b6 9. b4 a5 10. a3 Ba6 11. O-O Ne4 12. Bxa6 Nxc3 13. Qd3 b5 14. Bb7 Ra7 15. Bxc6 Ne4 16. Bxb5 h5 17. Bxd7 Qxd7 18. Ne5 Qc8 19. f3 Nf6 20. b5 Ra8 21. Nc6 Bd8 22. Nxd8 Qxd8 23. a4 Nd7 24. b6 Qc8 25. Qb5 Qd8 26. b7 Rb8 27. Bxb8 Qxb8 28. c6 Nf6 29. Qxa5 Re8 30. Qb6 Re7 31. a5 Ne8 32. a6 Nc7 33. a7 Qe8 34. b8=Q Qxb8 35. axb8=Q+ Ne8 36. Q6d8 1-0

[Event "2nd Turkish League 2017"]
[Site "Konya"]
[Date "2017.07.20"]
[Round "5"]
[White "Rzayev, Bahruz"]
[Black "Aytekin, Murat Eren"]
[Result "1-0"]
[ECO "A37"]
[WhiteElo "2386"]
[BlackElo "2201"]
[Annotator "NA RC"]
[PlyCount "81"]
[EventType "team-tourn"]
[EventCountry "TUR"]
[SourceTitle "playchess.com"]
[Source "ChessBase"]
[SourceQuality "1"]
[TimeControl "5400+30"]

1. Nf3 c5 2. g3 g6 3. Bg2 Bg7 4. O-O Nc6 5. c4 e5 6. Nc3 Nge7 7. Ne1 O-O 8. Nc2 d6 9. Ne3 Be6 {[%emt 0:01:30] A37: Symmetrical English vs ...g6: 4 Bg2 Bg7 5 Nf3} 10. Ned5 Rb8 11. a3 (11. d3 a6 12. Bg5 f6 13. Bd2 b5 14. Rb1 b4 15. Na4 Bf7 16. a3 a5 17. axb4 axb4 18. b3 Nxd5 19. cxd5 {0-1 (41) Caruana,F (2829)-Nakamura,H (2775) London 2014}) 11... a6 12. b4 b5 13. cxb5 axb5 14. Rb1 Nxd5 15. Nxd5 cxb4 16. Nxb4 Nxb4 17. Rxb4 Qa5 $146 18. Bb2 Rfc8 19. Qa1 Rc2 20. Rd1 $11 Bh6 21. e3 f5 22. Bf1 f4 23. Bd3 Rc7 24. exf4 exf4 25. Bc3 Qa7 26. Bxb5 fxg3 27. hxg3 Rf8 28. Bd4 Qa8 29. Bf1 Bd5 30. Qb2 Qc8 31. Be3 Bg7 32. Qb1 Bf3 33. Re1 d5 34. Bg2 Bxg2 35. Kxg2 Qa8 36. Qb3 Rcf7 37. Bc5 Rc8 38. Re7 Rxe7 39. Bxe7 Kh8 40. Rb7 d4 41. Bd6 1-0

[Event "2nd Turkish League 2017"]
[Site "Konya"]
[Date "2017.07.20"]
[Round "5"]
[White "Lomsadze, Davit"]
[Black "Morchiashvili, Bachana"]
[Result "1/2-1/2"]
[ECO "A30"]
[WhiteElo "2335"]
[BlackElo "2395"]
[Annotator "NA"]
[PlyCount "52"]
[EventType "team-tourn"]
[EventCountry "TUR"]
[SourceTitle "playchess.com"]
[Source "ChessBase"]
[SourceQuality "1"]
[TimeControl "5400+30"]

1. Nf3 Nf6 2. g3 g6 3. Bg2 Bg7 4. O-O O-O 5. b3 b6 6. Bb2 Bb7 7. c4 c5 8. d4 cxd4 9. Nxd4 Bxg2 10. Kxg2 Nc6 11. Nxc6 dxc6 12. Nd2 Qd7 13. Qc2 Rfd8 14. Rad1 c5 $11 15. Bxf6 Bxf6 16. Nf3 Qe6 17. Rxd8+ Rxd8 18. Rd1 Rxd1 19. Qxd1 Kg7 20. Qd3 Ba1 21. Qd1 Bf6 22. Qd3 Ba1 23. Qd1 Bf6 24. Qd3 Ba1 25. Qd1 Bf6 26. Qd3 Ba1 1/2-1/2

[Event "2nd Turkish League 2017"]
[Site "Konya"]
[Date "2017.07.20"]
[Round "5"]
[White "Ozturk, Emir"]
[Black "Akca, Gani Eren"]
[Result "1/2-1/2"]
[ECO "E62"]
[WhiteElo "2202"]
[BlackElo "2158"]
[Annotator "ChessBase"]
[PlyCount "149"]
[EventType "team-tourn"]
[EventCountry "TUR"]
[SourceTitle "playchess.com"]
[Source "ChessBase"]
[SourceQuality "1"]
[TimeControl "5400+30"]

1. d4 Nf6 2. c4 g6 3. Nf3 Bg7 4. g3 O-O 5. Bg2 d6 6. Nc3 Nc6 7. O-O e5 8. d5 Ne7 9. e4 Nd7 10. Ne1 f5 11. Nd3 Nf6 12. Bg5 Nxe4 13. Nxe4 fxe4 14. Bxe4 Qe8 15. g4 Kh8 16. h3 Ng8 17. Qd2 h6 18. Be3 Nf6 19. Bg2 e4 20. Nf4 g5 21. Ne2 Nd7 22. Qc2 h5 23. gxh5 Ne5 24. Ng3 Nf3+ 25. Kh1 g4 26. h6 Be5 27. Rae1 Nxe1 28. Rxe1 gxh3 29. Bxe4 Bg4 30. Bg5 Qf7 31. f4 Bxf4 32. Rf1 Bxg3 33. Rxf7 Rxf7 34. Qd3 Raf8 35. Qxg3 Rf1+ 36. Kh2 R8f2+ 37. Qxf2 Rxf2+ 38. Kg3 Rf1 39. Kxg4 h2 40. Bd8 c6 41. dxc6 bxc6 42. Bxc6 h1=Q 43. Bxh1 Rxh1 44. Bg5 Rh2 45. Kf5 Kh7 46. Bf6 Kxh6 47. Ke6 Kg6 48. Bd4 Rc2 49. Bc3 Re2+ 50. Kxd6 Kf7 51. a4 Re4 52. Kd5 Rg4 53. b4 a6 54. Bd4 Ke7 55. c5 Kd7 56. b5 axb5 57. axb5 Rg2 58. b6 Rc2 59. Be5 Rd2+ 60. Bd4 Rc2 61. Be3 Rc3 62. Bf4 Rd3+ 63. Ke4 Rb3 64. Kd5 Rd3+ 65. Kc4 Rf3 66. Bd6 Kc6 67. Kb4 Rf2 68. Kc4 Ra2 69. Kd4 Rd2+ 70. Ke5 Re2+ 71. Kf6 Re1 72. Kf7 Re2 73. Kf8 Re1 74. Kf7 Re2 75. Kf8 1/2-1/2

[Event "2nd Turkish League 2017"]
[Site "Konya"]
[Date "2017.07.20"]
[Round "5"]
[White "Yagiz, Yasin Emrah"]
[Black "Buker, Muhittin"]
[Result "1-0"]
[ECO "A39"]
[WhiteElo "2172"]
[BlackElo "2006"]
[Annotator "ChessBase"]
[PlyCount "93"]
[EventType "team-tourn"]
[EventCountry "TUR"]
[SourceTitle "playchess.com"]
[Source "ChessBase"]
[SourceQuality "1"]
[TimeControl "5400+30"]

1. c4 c5 2. Nc3 Nc6 3. g3 Nf6 4. Bg2 g6 5. Nf3 Bg7 6. O-O O-O 7. d4 cxd4 8. Nxd4 Nxd4 9. Qxd4 d6 10. Qd2 Qc7 11. b3 Bd7 12. Bb2 Bc6 13. e4 a6 14. Rac1 Rac8 15. Rfe1 Rfe8 16. Bh3 Bd7 17. Nd5 Qd8 18. Nxf6+ Bxf6 19. Bxf6 Bxh3 20. Bc3 Qd7 21. f3 Be6 22. g4 b5 23. Rcd1 Qa7+ 24. Bd4 Qb7 25. Qh6 f6 26. g5 Rf8 27. f4 Bg4 28. gxf6 exf6 29. Rd3 Rce8 30. Rde3 bxc4 31. f5 Bh5 32. Kf2 cxb3 33. Rg1 b2 34. Qxh5 b1=Q 35. Rxb1 Qxb1 36. fxg6 Qc2+ 37. Re2 Qc7 38. Kf3 Re7 39. Rg2 hxg6 40. Rxg6+ Rg7 41. Rh6 Rh7 42. Qg4+ Kh8 43. Rxf6 Rxf6+ 44. Bxf6+ Rg7 45. Qxg7+ Qxg7 46. Bxg7+ Kxg7 47. Ke3 1-0

[Event "2nd Turkish League 2017"]
[Site "Konya"]
[Date "2017.07.20"]
[Round "5"]
[White "Eren, Baran"]
[Black "Duman, Aydin"]
[Result "0-1"]
[ECO "A36"]
[WhiteElo "2143"]
[BlackElo "2056"]
[Annotator "NA"]
[PlyCount "158"]
[EventType "team-tourn"]
[EventCountry "TUR"]
[SourceTitle "playchess.com"]
[Source "ChessBase"]
[SourceQuality "1"]
[TimeControl "5400+30"]

1. c4 g6 2. Nc3 Bg7 3. g3 c5 4. Bg2 Nc6 5. a3 a5 6. Nf3 d6 7. O-O e5 8. Ne1 Nge7 9. Nc2 Rb8 10. Ne3 O-O 11. Ned5 Nxd5 12. Nxd5 Bd7 13. a4 Ne7 14. e3 Nxd5 15. Bxd5 Bc6 16. d3 Bxd5 17. cxd5 f5 18. Bd2 b6 19. Bc3 Qd7 20. f4 Rfe8 21. Re1 e4 22. Ra3 exd3 23. Qxd3 Re4 24. g4 Bxc3 25. bxc3 c4 26. Qc2 Rbe8 27. Qf2 fxg4 28. Ra2 Qf5 29. Rd2 g5 30. fxg5 Qxg5 31. Rd4 Rxd4 32. exd4 Rf8 33. Qe2 Qxd5 34. Qxg4+ Kh8 35. Qe4 Qxe4 36. Rxe4 Rf3 37. Re6 Rxc3 38. Rxd6 Rd3 39. Rxb6 Rxd4 40. Rc6 Kg7 41. Kf2 c3 42. Rxc3 Rxa4 43. Rc6 Rf4+ 44. Kg3 Rf6 45. Rc7+ Rf7 46. Rc4 Ra7 47. Ra4 Kf6 48. Kf4 Ke6 49. h4 Kd5 50. Kg5 Kc5 51. Kh6 Kb5 52. Ra1 a4 53. h5 Kb4 54. Rg1 a3 55. Rg4+ Kc5 56. Rg2 Kd5 57. Rd2+ Ke4 58. Re2+ Kf4 59. Ra2 Kg3 60. Ra1 a2 61. Rg1+ Kf4 62. Rf1+ Ke5 63. Re1+ Kf6 64. Rf1+ Ke6 65. Re1+ Kf7 66. Rf1+ Kg8 67. Rg1+ Kh8 68. Ra1 Ra6+ 69. Kg5 h6+ 70. Kf5 Kg7 71. Ke5 Kf7 72. Kd5 Kf6 73. Ke4 Kg5 74. Ke5 Kxh5 75. Kf5 Ra5+ 76. Kf4 Kg6 77. Rg1+ Kf6 78. Ra1 Ra4+ 79. Kg3 Ke5 0-1

[Event "2nd Turkish League 2017"]
[Site "Konya"]
[Date "2017.07.20"]
[Round "5"]
[White "Bayrak, Asli"]
[Black "Keskin, Suara"]
[Result "1-0"]
[ECO "E90"]
[WhiteElo "2056"]
[BlackElo "1716"]
[Annotator "NA"]
[PlyCount "63"]
[EventType "team-tourn"]
[EventCountry "TUR"]
[SourceTitle "playchess.com"]
[Source "ChessBase"]
[SourceQuality "1"]
[TimeControl "5400+30"]

1. e4 d6 2. c4 Nf6 3. Nc3 g6 4. d4 Bg7 5. Nf3 O-O 6. h3 c6 7. Be3 Qc7 8. Be2 {[%emt 0:03:30] E90: King's Indian: Classical: Early deviations and 6 h3} e5 9. d5 Na6 10. Qc2 $146 ({Predecessor:} 10. O-O Nc5 11. Nd2 b6 12. Rc1 Qe7 13. b4 Na6 {1-0 (13) Grunberg,M (2400)-David,V (2192) Bucharest 2001}) 10... Ne8 11. g4 f5 12. gxf5 gxf5 13. exf5 Bxf5 14. Qd2 Nb4 15. Rc1 Qf7 16. Ng5 Qg6 17. h4 Nc2+ 18. Rxc2 Bxc2 19. h5 Qf5 20. h6 $18 Bf6 21. Ne6 Rf7 22. Bh5 Re7 23. Rg1+ Kh8 24. Ng5 Bxg5 25. Bxg5 Rc7 26. Bxe8 Rxe8 27. Qxc2 Qxc2 28. Bf6+ Rg7 29. Rxg7 Qc1+ 30. Nd1 Qf4 31. Rg6+ Qxf6 32. Rxf6 1-0

[Event "2nd Turkish League 2017"]
[Site "Konya"]
[Date "2017.07.20"]
[Round "5"]
[White "Yasin, Hur"]
[Black "Simsek, Cevdet"]
[Result "1-0"]
[ECO "B12"]
[WhiteElo "2022"]
[BlackElo "2100"]
[Annotator "RC"]
[PlyCount "171"]
[EventType "team-tourn"]
[EventCountry "TUR"]
[SourceTitle "playchess.com"]
[Source "ChessBase"]
[SourceQuality "1"]
[TimeControl "5400+30"]

1. e4 c6 2. d4 d5 3. e5 Bf5 4. h4 h5 5. c4 e6 6. Nc3 Nd7 7. Nge2 dxc4 8. Ng3 Ne7 9. Bg5 Qc7 10. Bxe7 Bxe7 11. Nxf5 exf5 12. Bxc4 Nb6 13. Bb3 Bb4 14. Qf3 g6 15. O-O O-O 16. Ne2 Bd2 17. Rfd1 Bh6 18. Ng3 Qe7 19. Nxf5 gxf5 20. Qxf5 Kg7 21. Rd3 Rh8 22. e6 f6 23. Rf3 Rad8 24. Bc2 Nd5 25. Re1 Rd6 26. Qxh5 Kf8 27. Bf5 Bg7 28. Qg4 Ke8 29. Rg3 Bh6 30. Qh5+ Kd8 31. Rg6 Qf8 32. Qf3 Ne7 33. Rg4 Kc8 34. Rge4 Bd2 35. Rd1 Ba5 36. Bh3 Bb6 37. Rf4 Qd8 38. Qc3 Kb8 39. Qc4 Rf8 40. b4 Nd5 41. Re4 Qe7 42. b5 cxb5 43. Qb3 Rfd8 44. g3 b4 45. Rc1 Nc3 46. Ree1 Rxd4 47. Rc2 Rd3 48. Kg2 Rd2 49. Rf1 R2d3 50. a3 a5 51. Bf5 R3d5 52. g4 Rd4 53. axb4 axb4 54. Rxc3 bxc3 55. Qxb6 Qc7 56. Qb3 Rc4 57. Re1 Re8 58. Re2 Re7 59. h5 Qf4 60. Qa3 Qc7 61. Ra2 Qc5 62. Qa8+ Kc7 63. Qf8 Qc6+ 64. f3 Qd6 65. Ra8 Kb6 66. Rd8 Qb4 67. Rc8 Rxc8 68. Qxc8 Qc5 69. Qd8+ Qc7 70. Qd4+ Qc5 71. Qd8+ Ka7 72. Qd3 c2 73. Qxc2 Qxc2+ 74. Bxc2 Rxe6 75. Bg6 Rd6 76. h6 Rd8 77. h7 Rh8 78. Kg3 b5 79. Kf4 b4 80. Kf5 Rf8 81. Ke6 b3 82. Ke7 Rb8 83. Bb1 Kb6 84. Kxf6 Kc5 85. g5 Kd4 86. g6 1-0

[Event "2nd Turkish League 2017"]
[Site "Konya"]
[Date "2017.07.20"]
[Round "5"]
[White "Alaz, Ahmet Efekan"]
[Black "Sahinoglu, Hakan"]
[Result "1-0"]
[ECO "D02"]
[WhiteElo "2015"]
[BlackElo "1835"]
[Annotator "NA"]
[PlyCount "87"]
[EventType "team-tourn"]
[EventCountry "TUR"]
[SourceTitle "playchess.com"]
[Source "ChessBase"]
[SourceQuality "1"]
[TimeControl "5400+30"]

1. d4 d5 2. Bf4 Nf6 3. Nf3 e6 4. e3 c5 5. c3 Nc6 6. Nbd2 Be7 7. Bd3 O-O 8. Ne5 Bd7 9. h4 {[%emt 0:00:30] D02: 1 d4 d5 2 Nf3 sidelines, including 2...Nf6 3 g3 and 2...Nf6 3 Bf4} Qb6 (9... Be8 10. g4 cxd4 11. exd4 Rc8 12. Nef3 Bd6 13. Be5 Bxe5 14. dxe5 Nxg4 15. Bxh7+ Kh8 16. Rg1 {½-½ (50) Motylev,A (2680)-Wen,Y (2581) China 2014}) 10. Rb1 Rfd8 11. g4 $146 ({Predecessor:} 11. Qf3 Be8 12. g4 cxd4 13. exd4 Nxe5 14. Bxe5 Nd7 15. Bg3 f6 16. h5 Bf7 {1-0 (27) Warner,D (2240)-Nakamura,R (2187) Khanty-Mansiysk 2010}) 11... Nxe5 12. dxe5 Ne4 $1 13. Qc2 Bc6 14. f3 Nxd2 15. Bxh7+ Kh8 16. Kxd2 Qa6 17. Bd3 Bb5 18. Bxb5 Qxb5 19. Qb3 Qxb3 20. axb3 d4 21. Kc2 b5 22. Rhd1 $16 dxc3 23. bxc3 a5 24. h5 Kg8 25. e4 a4 26. Rxd8+ Bxd8 27. bxa4 bxa4 28. Bc1 Kf8 29. Ba3 Be7 30. Rb5 Bg5 31. Bxc5+ Ke8 32. Bd6 Kd7 33. Kb2 Kc6 34. Rc5+ Kb6 35. Rc4 Kb5 36. Rb4+ Kc6 37. c4 Bd2 38. Rb5 Be3 39. Ka3 Bc1+ 40. Ka2 Be3 41. Rb2 Ra7 42. c5 a3 43. Rb6+ Kd7 44. c6+ 1-0

[Event "2nd Turkish League 2017"]
[Site "Konya"]
[Date "2017.07.20"]
[Round "5"]
[White "Dogdu, Mehmet"]
[Black "Demirag, Batuhan"]
[Result "1/2-1/2"]
[ECO "B42"]
[WhiteElo "1985"]
[BlackElo "1914"]
[Annotator "NA"]
[PlyCount "87"]
[EventType "team-tourn"]
[EventCountry "TUR"]
[SourceTitle "playchess.com"]
[Source "ChessBase"]
[SourceQuality "1"]
[TimeControl "5400+30"]

1. e4 c5 2. Nf3 e6 3. d4 cxd4 4. Nxd4 a6 5. Bd3 Nc6 6. Be3 Nf6 7. Nd2 {[%emt 0:03:30] B42: Sicilian: Kan Variation: 5 Bd3} d5 8. O-O Nxd4 $146 ({Predecessor:} 8... Be7 9. exd5 Nxd5 10. Nxc6 bxc6 11. Bd4 O-O 12. Nb3 a5 13. Re1 Bf6 14. c4 {½-½ (24) Ioannidis,E (2292)-Kovalev,A (2487) Budapest 2015}) 9. Bxd4 dxe4 10. Nxe4 Be7 11. Nxf6+ Bxf6 12. Bxf6 Qxf6 13. Qh5 h6 14. Qc5 Qe7 15. Qb6 O-O 16. Be4 f5 17. Bf3 e5 18. Rad1 e4 19. Be2 $11 f4 20. f3 e3 21. Rd4 Qg5 22. Kh1 Kh8 23. g3 fxg3 24. Rg1 Qe5 25. Re4 Qd5 26. Rxg3 Bd7 27. Qg6 Rf7 28. c4 Qf5 29. Qxf5 Bxf5 30. Rxe3 Rd8 31. b4 Rd2 32. a3 Rfd7 33. c5 Rc2 34. Rg1 Rdd2 35. Re1 Bd7 36. Rd3 Bc6 37. Rxd2 Rxd2 38. Kg1 Ra2 39. Bd3 Rxa3 40. Be4 Bxe4 41. Rxe4 a5 42. bxa5 Rxa5 43. Rb4 Rxc5 44. Rxb7 1/2-1/2